 Dungeon Crawl Stone Soup version 0.22-a0-40-g3d2f077 (webtiles) character file.

44 Lanoc the Chopper (level 3, -1/33 HPs)
             Began as a Minotaur Monk on Jan 4, 2018.
             Killed from afar by an orc wizard (9 damage)
             ... with a magic dart
             ... on level 4 of the Dungeon.
             The game lasted 00:02:33 (809 turns).

Lanoc the Chopper (Minotaur Monk)                    Turns: 809, Time: 00:02:34

Health: -1/33      AC:  7    Str: 15      XL:     3   Next: 41%
Magic:  2/2        EV: 13    Int:  7      God:
Gold:   52         SH:  0    Dex: 12 (13) Spells: 2/2 levels left

rFire    . . .     SeeInvis .   a - +0 hand axe
rCold    . . .     Gourm    .   (no shield)
rNeg     . . .     Faith    .   b - +0 robe
rPois    .         Spirit   .   (helmet restricted)
rElec    .         Reflect  .   i - +1 cloak
rCorr    .         Harm     .   (no gloves)
MR       .....                  (no boots)
Stlth    ++........             (no amulet)
HPRegen  0.11/turn              d - +3 ring of protection
MPRegen  0.08/turn              (no ring)

@: no status effects
A: retaliatory headbutt, horns 2
a: no special abilities


You were on level 4 of the Dungeon.
You were not hungry.

You visited 1 branch of the dungeon, and saw 3 of its levels.

You collected 52 gold pieces.

Inventory:

Hand Weapons
 a - a +0 hand axe (weapon)
Armour
 b - a +0 robe (worn)
 i - a +1 cloak (worn)
Jewellery
 d - a +3 ring of protection (left hand)
Potions
 e - 3 potions of curing {unknown}
 f - a potion of flight
 g - a potion of mutation {unknown}
 h - a potion of lignification {unknown}
 j - a potion of haste {unknown}
 k - a potion of might {unknown}
Comestibles
 c - 3 rations


   Skills:
 + Level 4.0 Fighting
 * Level 4.3 Axes
 + Level 1.1 Armour
 + Level 3.6 Dodging
 + Level 2.0 Stealth


You had 2 spell levels left.
You didn't know any spells.

Dungeon Overview and Level Annotations

Branches:
Dungeon (2/15)

Altars:
Elyvilon
Nemelex Xobeh

Annotations:
D:4 Blork the orc, Eustachio


Innate Abilities, Weirdness & Mutations

You reflexively headbutt those who attack you in melee.
You have a pair of horns on your head.


Message History

The quasit claws you but does no damage.
The quasit bites you but does no damage.
The quasit misses you.
The quasit claws you but does no damage.
The orc misses you. You furiously retaliate!
You headbutt the orc. The orc hits you but does no damage.
The quasit bites you but does no damage.
The quasit claws you.
* * * LOW HITPOINT WARNING * * *
You feel clumsy.
The quasit claws you but does no damage.
The orc barely misses you. You furiously retaliate!
You headbutt the orc!
You kill the orc!
The orc throws a silver tomahawk.
The silver tomahawk closely misses you. The quasit misses you.
The quasit claws you but does no damage. x2
You see here a silver tomahawk.
The orc wizard casts a spell at you. The magic dart hits you!
You die...

..#####.##### .#
............#####.####
#.#.#.#.#.#.##.......#
§.).........##...⌠.⌠.#
§.⌠.....⌠...##...._..#
....._.......#...⌠.⌠#
..⌠.....⌠....#..o..#
....(....@.(.oooo..#####
#.#.#.#.#.#.o55(@.......
.....%......############
#############


You could see Eustachio, Blork the orc, an orc priest, an orc wizard, 2 quasits
and 3 orcs.

Vanquished Creatures
  An adder (D:2)
  An ooze (D:1)
  A worm (D:2)
  A leopard gecko (D:2)
  An orc (D:4)
  4 bats
  3 giant cockroaches
  3 goblins
  3 hobgoblins
  3 jackals (D:1)
  4 rats (D:1)
25 creatures vanquished.

Vanquished Creatures (others)
  An orc (D:4)
1 creature vanquished.

Grand Total: 26 creatures vanquished

Notes
Turn   | Place    | Note
-------+----------+-------------------------------------------
     0 | D:1      | Lanoc the Minotaur Monk began the quest for the Orb.
     0 | D:1      | Reached XP level 1. HP: 19/19 MP: 0/0
   119 | D:1      | Reached XP level 2. HP: 23/27 MP: 1/1
   640 | D:2      | Reached XP level 3. HP: 33/33 MP: 2/2
   655 | D:2      | Reached skill level 1 in Armour
   778 | D:2      | You fall through a shaft for 2 floors!
   778 | D:4      | Found a white marble altar of Elyvilon.
   778 | D:4      | Noticed Blork the orc
   785 | D:4      | Noticed Eustachio
   803 | D:4      | Found a sparkling altar of Nemelex Xobeh.
   809 | D:4      | Killed from afar by an orc wizard

Vault maps used:
D:1:      lemuel_arrival_cross, hangedman_decor_growths
D:2:      nicolae_tso_swordbearing_angel
D:4:      elyvilon_altar_5, nemelex_xobeh_ov_fountains_minmay, temple_hall,
          first_ration, uniq_eustachio, uniq_natasha, uniq_blork_the_orc

Skill      XL: |  1  2  3 |
---------------+----------+-----
Axes           | 4 |  4.3
Armour         | 1 |  1.1
Fighting       | 4 |  4.0
Stealth        | 2 |  2.0
Dodging        | |  3.6

Action                   || total
-------------------------++-------
Melee: Hand axe          ||    56
       Headbutt          ||    16
  Use: Scroll            ||     1
 Stab: Sleeping          ||     5
Armor: Robe              ||    35
Dodge: Dodged            ||    68

Table legend:
 A = Spawn XP
 B = Non-spawn XP
 C = Spawn XP percentage of total XP
 D = Spawn monster count
 E = Non-spawn monster count
 F = Spawn count percentage of total count
 G = Total turns spent on level
                    A         B        C        D         E        F      G
               +---------+---------+-------+---------+---------+-------+---------
         Total |       0 |      64 |   0.0 |       0 |      25 |   0.0 |   809
               +---------+---------+-------+---------+---------+-------+---------
           D:1 |       0 |      29 |   0.0 |       0 |      15 |   0.0 |   612
           D:2 |       0 |      30 |   0.0 |       0 |       8 |   0.0 |   166
           D:4 |       0 |       5 |   0.0 |       0 |       2 |   0.0 |    31
               +---------+---------+-------+---------+---------+-------+---------
